 BcadrenCrawl: Boulder Brew version 0.06-240-gf756cca71e (webtiles) character file.

Game seed: 8873526666237740486, levelgen mode: deterministic

723 gruber the Poker (level 7, 0/57 HPs) Minotaur Berserker. Began on Aug 14, 2022. Was a Believer of Trog. Slain by an orc ... wielding a +0 trident (4 damage) ... on level 3 of the Dungeon. The game lasted 00:04:22 (2684 turns).

gruber the Poker (Minotaur Berserker)               Turns: 2684, Time: 00:04:22

Health: 0/57       AC:  2    Str: 28    XL:     7 ^: 393
Magic:  6/6        EV: 12    Int:  4    God:    Trog [2* [65]]
Gold:   122        SH:  0    Dex: 12    Spells: 6/6 levels left

rFire    + . .     Slash    x   h - +6 halberd of the Unseen Realm {vamp, *Rage rF+ rC+ Dex+2}
rCold    + . .     Pierce   .   (also wielding the above weapon)
rNeg     . . .     Bludgeon .   b - +0 animal skin
rCorr    + . .     Vision   .   (helmet restricted)
rPois    .         Gourm    .   (no cloak)
rElec    .         Faith    .   (no gloves)
MR       .....     Spirit   .   (no boots)
HPRegen  0.29/turn Reflect  .   (no amulet)
MPRegen  0.16/turn Harm     .   f - ring of resist corrosion Stlth +.........Rnd*Rage +
                                g - ring of strength

@: berserk cooldown, studying 2 skills
A: horns, retaliatory headbutt 2, soft flesh
a: Berserk, Trog's Hand, Renounce Religion


You were on level 3 of the Dungeon.
You worshipped Trog.
Trog was pleased with you.
You were not hungry.

You visited 1 branch of the dungeon, and saw 3 of its levels.

You collected 122 gold pieces.

Inventory:

Weapons
 h - the +6 halberd of the Unseen Realm (weapon) {vamp, *Rage rF+ rC+ Dex+2}
   (You found it on level 2 of the Dungeon)

   It inflicts no extra harm, but heals its wielder when it wounds a living foe.
   It affects your dexterity (+2).
   It protects you from fire.
   It protects you from cold.
   It may make you go berserk in combat.
Armour
 b - a +0 animal skin (worn)
Jewellery
 e - a cursed ring of protection from magic {(Curse: *Contam)}
 f - a ring of resist corrosion (left hand)
 g - a ring of strength (right hand)
Scrolls
 a - a scroll of holy word
 d - 4 scrolls of teleportation
 l - a scroll of bless item
Potions
 i - a potion of agility
 j - a potion of ambrosia
Comestibles
 c - 3 rations
 k - 3 chunks of flesh


   Skills:
 - Level 3.6 Fighting
   Level 7.1(8.7) Axes & Hammers
 * Level 7.5(8.9) Polearms
 - Level 2.4 Armour
 - Level 2.1 Dodging


You had 6 spell levels left.
You didn't know any spells.
Your spell library was empty.

Dungeon Overview and Level Annotations

Branches:
Dungeon (3/8)

Altars:
Cheibriados
Sif Muna

Shops:
D:2 %   D:3 %


Innate Abilities, Weirdness & Mutations

You reflexively attack those that strike you in melee with your horns.
Your soft flesh is weak to deep cuts.
Heavy manmade armour will nullify this weakness. (rSlashing-)
You frequently lose your temper in combat.
This godly rage surpasses even clarity. (*Rage)


Message History

* * * LOW HITPOINT WARNING * * *
The orc closely misses you. The iguana bites you (6).
* * * LOW HITPOINT WARNING * * *
You're still recovering from your berserk rage.
Unknown command.
Unknown command.
Unknown command.
The orc shouts!
You slash the orc (11)!
You draw strength from his wounds (2).
You kill the orc!
Trog accepts your kill. The iguana bites you (8)!
* * * LOW HITPOINT WARNING * * *
Unknown command.
You hit the iguana (6).
It resists.
You draw strength from its wounds (1).
You kill the iguana!
Trog accepts your kill.
You feel yourself speed up.
The orc hits you from afar with a +0 trident (4).
You die...

....#.#......#..#
...........>.#..#+##
....#.#.###..†.....#
#####.#.###.#......#
..........#.####...#
#####.#........'...#
#.###.#.####...# #.#
#.#.# #...# #.#
#.#.# #@..# #.# #.#
#)..# #..
..#..o....# ..
..#.......#
...o......#
#..o.......#
#...####...# #...
...# #.. ...#


You could see an orc wizard and 2 orcs.

Vanquished Creatures
  A scorpion (D:3)
  A water moccasin (D:2)
  A crocodile (D:2)
  A big kobold (D:2)
  An orc priest (D:3)
  A hound (D:3)
  An orc wizard (D:3)
  A merfolk avatar (D:2)
  Jessica (D:2)
  2 iguanas (D:3)
  5 giant cockroaches
  6 cinder newts
  A bullfrog (D:2)
  3 oozes (D:2)
  A dart slug (D:1)
  3 leopard geckos
  2 orcs (D:3)
  4 bats
  4 goblins (D:1)
  3 hobgoblins (D:1)
  2 jackals (D:3)
  7 kobolds
  2 quokkas (D:3)
  2 ball pythons
  A leopard gecko skeleton (D:3)
  An orc skeleton (D:2)
  6 rats (D:1)
64 creatures vanquished.

Vanquished Creatures (others)
  A jelly (D:2)
  63 withered plants (D:2)
64 creatures vanquished.

Grand Total: 128 creatures vanquished

Notes
Turn   | Place    | Note
-------+----------+-------------------------------------------
     0 | D:1      | gruber the Minotaur Berserker began the quest for the Orb.
     0 | D:1      | Reached XP level 1. HP: 19/19 MP: 0/0
    39 | D:1      | Reached XP level 2. HP: 25/26 MP: 1/1
    89 | D:1      | Reached skill level 5 in Axes & Hammers
   188 | D:1      | Reached XP level 3. HP: 17/31 MP: 2/2
   525 | D:1      | Received a gift from Trog
   540 | D:1      | Reached ** piety under Trog
   587 | D:1      | Reached XP level 4. HP: 34/39 MP: 3/3
  1148 | D:2      | Reached XP level 5. HP: 27/45 MP: 4/4
  1318 | D:2      | Identified the +6 halberd of the Unseen Realm {vamp, *Rage
                  | rF+ rC+ Dex+2}
  1475 | D:2      | Reached XP level 6. HP: 51/51 MP: 5/5
  2007 | D:2      | Reached skill level 5 in Polearms
  2076 | D:2      | Noticed Jessica
  2085 | D:2      | Killed Jessica
  2098 | D:2      | Found a shimmering blue altar of Sif Muna.
  2222 | D:2      | Found Neannog's Food Emporium.
  2587 | D:3      | Found a snail-covered altar of Cheibriados.
  2593 | D:3      | Found Ihuati's Food Shoppe.
  2600 | D:3      | Reached XP level 7. HP: 47/57 MP: 6/6
  2683 | D:3      | HP: 2/57 [iguana (8)]
  2684 | D:3      | Slain by an orc

Levels and vault maps discovered:
D:1:      minmay_arrival_checkered_box, layout_loops_corners, first_ration,
          minmay_tree_intersection
D:2:      layout_sewer, tgw_sif, st_mermaid_room, serial_shops, shop
D:3:      layout_basic, serial_shops, shop, basic_altar, tso_metal_star

Skill      XL: |  1  2  3  4  5  6  7 |
---------------+----------------------+-----
Axes & Hammers | 4 5 6 7 |  7.1
Polearms       | 4 6 7 |  7.5
Fighting       | |  3.6
Armour         | |  2.4
Dodging        | |  2.1

Action                   |  1- 3 |  4- 6 |  7- 9 || total
-------------------------+-------+-------+-------++-------
Melee: Hatchet           |    37 |    29 |       ||    66
       Unarmed           |    20 |    23 |       ||    43
       Headbutt          |     4 |     9 |     2 ||    15
       Halberd           |       |    37 |    18 ||    55
Invok: Berserk           |       |     4 |       ||     4
 Stab: Sleeping          |       |     1 |       ||     1
  Eat: Chunk             |       |     4 |       ||     4
       Ration            |       |     3 |       ||     3
Armor: Animal skin       |     9 |     7 |       ||    16
Dodge: Dodged            |     8 |    19 |     7 ||    34
